 Dungeon Crawl Stone Soup version 0.25.1-2-g60ff931df9 (webtiles) character file.

Game seed: 224864250849345451

348 oplop the Changer (level 6, -3/39 HPs)
             Began as an Octopode Transmuter on Nov 6, 2020.
             Killed by divine providence
             ... invoked by an orc priest
              (15 damage)
             ... on level 4 of the Dungeon.
             The game lasted 00:14:53 (4797 turns).

oplop the Changer (Octopode Transmuter)             Turns: 4797, Time: 00:14:53

Health: -3/39      AC:  1    Str: 10    XL:     6   Next: 60%
Magic:  5/12       EV: 13    Int: 17    God:
Gold:   217        SH:  0    Dex: 12    Spells: 3/13 levels left

rFire    . . .     SeeInvis +     - Unarmed
rCold    . . .     Gourm    .   (no shield)
rNeg     . . .     Faith    .   (helmet restricted)
rPois    .         Spirit   .   h - amulet of regeneration
rElec    .         Reflect  .   d - ring of flight
rCorr    .         Harm     .   m - ring of see invisible
MR       .....                  o - ring of stealth
Stlth    +++.......             (no ring)
HPRegen  0.53/turn              (no ring)
MPRegen  0.13/turn              (no ring)
                                (no ring)
                                (no ring)

@: very slightly contaminated
A: almost no armour, stealthy swim, amphibious, 8 rings, constrict 8, camouflage
1, gelatinous body 1
a: Evoke Flight


You were on level 4 of the Dungeon.
You were not hungry.

You visited 1 branch of the dungeon, and saw 4 of its levels.

You collected 217 gold pieces.

Inventory:

Hand Weapons
 g - a +1 dagger of speed
 k - a +0 whip
Missiles
 a - 39 arrows
Armour
 l - a +0 buckler
Jewellery
 d - a ring of flight (left tentacle)
 h - an amulet of regeneration (around mantle)
 m - a ring of see invisible (right tentacle)
 o - a ring of stealth (on tentacle)
Scrolls
 b - 3 scrolls of identify {unknown}
 e - a scroll of amnesia {unknown}
 n - a scroll of random uselessness {unknown}
 p - 2 scrolls of remove curse {unknown}
 r - a scroll of teleportation {unknown}
Potions
 f - 3 potions of lignification {unknown}
 i - a potion of berserk rage {unknown}
 j - a potion of flight {unknown}
 q - a potion of heal wounds {unknown}
Comestibles
 c - 7 rations


   Skills:
 + Level 1.7 Fighting
 - Level 2.0 Dodging
 - Level 3.0 Unarmed Combat
 + Level 4.0 Spellcasting
 + Level 4.3 Transmutations
 + Level 2.1 Ice Magic
 - Level 2.0 Poison Magic


You had 3 spell levels left.
You knew the following spells:

 Your Spells              Type           Power        Failure   Level  Hunger
a - Beastly Appendage     Tmut           ###...       2%          1    None
b - Sticks to Snakes      Tmut           ###.....     4%          2    ##.....
c - Spider Form           Tmut/Pois      ##........   13%         3    ###....
d - Ice Form              Ice/Tmut       ##......     38%         4    ####...

Your spell library contained the following spells:

 Spells                   Type           Power        Failure   Level  Hunger
 Blade Hands              Tmut           ###.......   58%         5    ######.


Dungeon Overview and Level Annotations

Branches:
Dungeon (4/15)
 Temple: D:4-7

Altars:
Gozag
Sif Muna
Vehumet

Annotations:
D:3 exclusion: shadow imp
D:4 3 runed translucent doors, Menkaure; TheAlmogaver's ghost, amateur MiBe


Innate Abilities, Weirdness & Mutations

You cannot wear most types of armour.
You are very stealthy in the water. (Stealth+)
You are amphibious.
You can wear up to eight rings at the same time.
You can use your tentacles to constrict eight enemies at once.
Your skin changes colour to match your surroundings (Stealth+).
Your rubbery body absorbs attacks. (AC +1, EV +1)


Message History

The orc priest barely misses your adder.
Your adder bites the orc priest but does no damage.
The ball python closely misses you. The ball python barely misses you.
Your adder misses the orc priest.
The orc priest barely misses your adder.
The ball python bites you.
* * * LOW HITPOINT WARNING * * *
The ball python misses you.
Your adder bites the orc priest but does no damage.
The orc priest hits your adder with a +0 dagger.
Your adder closely misses the orc priest.
The ball python misses you. The ball python grabs you.
* * * LOW HITPOINT WARNING * * *
The ball python constricts you.
The orc priest hits your adder with a +0 dagger.
Your adder dies!
You escape the ball python's grasp.
The orc priest calls down the wrath of Beogh upon you.
Beogh smites you!
You die...

....... ...###
.............. ...##
............#
....#######............#
...<..................#
........#....#<.......##
.......##..#...........#
.......................#
...........#....@......#
........##..#..........##
..........#.....S..(.....
...................)...#.
#...........###......#...
#...........# #.##.#..###
#...........###.##.##.###.
#...........o.o...........
#..........o###...........


You could see an orc priest and a ball python.

Vanquished Creatures
  An orc priest (D:3)
  A centaur skeleton (D:4)
  Terence (D:3)
  A worker ant (D:4)
  An orc wizard (D:3)
  3 gnolls (D:2)
  11 adders
  4 worms
  2 dart slugs
  A leopard gecko (D:3)
  3 orcs
  7 bats
  3 giant cockroaches
  14 goblins
  4 hobgoblins
  4 jackals (D:1)
  3 quokkas (D:2)
  5 frilled lizards
  4 kobolds
  12 rats
85 creatures vanquished.

Vanquished Creatures (collateral kills)
  A gnoll (D:1)
  An orc (D:4)
  A hobgoblin (D:3)
  A goblin (D:2)
4 creatures vanquished.

Grand Total: 89 creatures vanquished

Notes
Turn   | Place    | Note
-------+----------+-------------------------------------------
     0 | D:1      | oplop the Octopode Transmuter began the quest for the Orb.
     0 | D:1      | Reached XP level 1. HP: 13/13 MP: 3/3
   202 | D:1      | Reached XP level 2. HP: 9/18 MP: 3/5
   428 | D:1      | Learned a level 2 spell: Sticks to Snakes
   833 | D:1      | Reached XP level 3. HP: 23/23 MP: 0/7
  1261 | D:1      | Learned a level 3 spell: Spider Form
  1574 | D:2      | Reached XP level 4. HP: 28/28 MP: 4/8
  1626 | D:2      | Reached skill level 1 in Poison Magic
  2656 | D:2      | Reached XP level 5. HP: 33/33 MP: 5/9
  2664 | D:2      | Learned a level 4 spell: Ice Form
  3431 | D:3      | Reached skill level 1 in Ice Magic
  3612 | D:3      | Noticed Terence
  3638 | D:3      | Killed Terence
  3745 | D:3      | Found an opulent altar of Gozag.
  3753 | D:3      | Reached XP level 6. HP: 38/38 MP: 8/11
  3781 | D:3      | Found a radiant altar of Vehumet.
  4098 | D:3      | Found a shimmering blue altar of Sif Muna.
  4563 | D:4      | Noticed Menkaure
  4568 | D:4      | Noticed TheAlmogaver's ghost (amateur MiBe)
  4571 | D:4      | Found a runed translucent gate.
  4571 | D:4      | Found a runed translucent gate.
  4571 | D:4      | Found a runed translucent gate.
  4571 | D:4      | Noticed a phantom
  4797 | D:4      | Killed from afar by an orc priest

Illustrated notes

Levels and vault maps discovered:
D:1:      lemuel_arrival_broad_hall, layout_basic, st_stairs_11
D:2:      layout_loops_ring, kennysheep_donut
D:3:      layout_basic, fiery_altar_vehumet, nicolae_gozag_seed_capital,
          lemuel_blue_sif_altar, first_ration, serial_glass, glass_columns_a,
          glass_columns_a, glass_columns_b, glass_columns_a, uniq_terence
D:4:      layout_rooms, lemuel_coloured_pillars_altar,
          overflow_temple_1_default, gammafunk_ghost_split,
          minmay_manual_macuahuitl, uniq_grinder, uniq_robin,
          uniq_crazy_yiuf_cottage, uniq_menkaure

Skill      XL: |  1  2  3  4  5  6 |
---------------+-------------------+-----
Transmutations | 3 4 |  4.3
Spellcasting   | 3 4 |  4.0
Poison Magic   | 2 |  2.0
Ice Magic      | 1 2 |  2.1
Fighting       | |  1.7
Dodging        | |  2.0
Unarmed Combat | |  3.0

Action                   |  1- 3 |  4- 6 || total
-------------------------+-------+-------++-------
Melee: Unarmed           |    67 |   140 ||   207
       Constrict         |    21 |     8 ||    29
       Tentacles         |     6 |     3 ||     9
       Punch             |     2 |       ||     2
       Kick              |     8 |     3 ||    11
 Cast: Beastly Appendage |    20 |     1 ||    21
       Sticks to Snakes  |     4 |    15 ||    19
       Spider Form       |     5 |    23 ||    28
  Use: Potion            |       |     2 ||     2
 Stab: Sleeping          |     4 |     2 ||     6
  Eat: Chunk             |     3 |     9 ||    12
       Ration            |       |     2 ||     2
Armor: Skin              |     3 |     3 ||     6
Dodge: Dodged            |    39 |   112 ||   151
